 Dungeon Crawl Stone Soup version 0.22.1-1-ga44c0e5 (webtiles) character file.

133563 Zebedee the Markscentaur (level 16, -1/144 HPs)
             Began as a Centaur Arcane Marksman on Sept 28, 2018.
             Was the Champion of Okawaru.
             Slain by a fire giant
             ... wielding a +0 great sword of flaming
              (3 damage)
             ... on level 1 of the Depths.
             The game lasted 02:06:14 (38874 turns).

Zebedee the Markscentaur (Centaur Arcane Marksman) Turns: 38874, Time: 02:06:16

Health: -1/144     AC: 31    Str: 18    XL:     16   Next: 60%
Magic:  23/23      EV:  7    Int: 12    God:    Okawaru [******]
Gold:   1543       SH:  0    Dex: 12    Spells: 14/25 levels left

rFire    + . .     SeeInvis .   a - +9 longbow (flame)
rCold    x . .     Gourm    .   (shield currently unavailable)
rNeg     . . .     Faith    .   F - +0 troll leather armour
rPois    .         Spirit   .   l - +2 helmet
rElec    .         Reflect  .   U - +2 cloak {MR+}
rCorr    .         Harm     .   x - +2 pair of gloves
MR       +++..                  c - +4 centaur barding {Fly}
Stlth    +.........             (no amulet)
HPRegen  0.74/turn              N - ring of fire
MPRegen  0.18/turn              w - +3 ring of protection

@: flying, very quick
A: large, hooves 3, icy blue scales 1, deformed body, speed 2, magic resistance
1, tough skin 3
a: Heroism, Finesse, Renounce Religion, Stop Flying


You were on level 1 of the Depths.
You worshipped Okawaru.
Okawaru was exalted by your worship.
You were not hungry.

You visited 5 branches of the dungeon, and saw 25 of its levels.
You also visited: Ossuary.

You collected 2157 gold pieces.
You spent 614 gold pieces at shops.

Inventory:

Hand Weapons
 a - a +9 longbow of flaming (weapon)
 b - a +5 trident of flaming
 Z - the +5 longbow of the Blessed Realm {speed, rN+}
   (Okawaru gifted it to you on level 1 of the Lair of Beasts)

   Attacks with this weapon are significantly faster.
   It protects you from negative energy.
Missiles
 d - 215 arrows (quivered)
 y - 2 throwing nets
Armour
 c - a +4 centaur barding of flying (worn)
 l - a +2 helmet (worn)
 r - a +0 scale mail of poison resistance
 x - a +2 pair of gloves (worn)
 F - a +0 troll leather armour (worn)
 U - a +2 cloak of magic resistance (worn)
Jewellery
 i - an uncursed ring of wizardry
 k - an uncursed ring of positive energy
 w - a +3 ring of protection (right hand)
 J - an uncursed ring of ice
 K - an uncursed ring of protection from fire
 N - a ring of fire (left hand)
 P - a +5 ring of intelligence
 V - an uncursed ring of flight
Wands
 q - a wand of polymorph (8)
 z - a wand of flame (69)
 H - a wand of acid (3)
 L - a wand of clouds (7)
 M - a wand of disintegration (39)
 O - a wand of random effects (21)
 S - a wand of iceblast (19)
Scrolls
 h - 9 scrolls of remove curse
 j - 2 scrolls of holy word {unknown}
 m - 4 scrolls of fear {unknown}
 n - 2 scrolls of acquirement {unknown}
 s - 3 scrolls of fog
 t - 7 scrolls of amnesia
 u - 3 scrolls of blinking
 C - 3 scrolls of magic mapping
 E - 2 scrolls of silence {unknown}
 T - 3 scrolls of teleportation
 W - 2 scrolls of identify
Potions
 e - a potion of magic {unknown}
 g - 8 potions of brilliance
 o - 3 potions of cancellation {unknown}
 p - 8 potions of curing
 v - 2 potions of ambrosia
 A - 5 potions of lignification
 B - 2 potions of agility
 D - a potion of flight
 I - 3 potions of invisibility
 Q - 3 potions of might
 X - 5 potions of heal wounds
Comestibles
 f - 30 rations
 R - 5 chunks of flesh


   Skills:
 + Level 13.6 Fighting
 + Level 10.2 Polearms
 + Level 20.1 Bows
 - Level 9.0 Armour
 - Level 1.3 Dodging
 * Level 5.3 Spellcasting
 - Level 6.9 Hexes
 - Level 6.2 Translocations
 - Level 4.0 Air Magic
 * Level 6.2 Poison Magic
 - Level 2.1 Invocations
 - Level 1.1 Evocations


You had 14 spell levels left.
You knew the following spells:

 Your Spells              Type           Power        Failure   Level  Hunger
a - Corona                Hex            ###....      1%          1    None
b - Poisonous Vapours     Pois/Air       ###...       4%          2    ##.....
c - Portal Projectile     Hex/Tloc       ###...       4%          3    ###....
d - Olgreb's Toxic Radia  Pois           ###.....     17%         4    ####...
e - Apportation           Tloc           ###...       1%          1    None

Your spell library contained the following spells:

 Spells                   Type           Power        Failure   Level  Hunger
 Confusing Touch          Hex            ###...       1%          1    None
 Slow                     Hex            ###.....     1%          2    ##.....
 Confuse                  Hex            ###.....     4%          3    ###....
 Gell's Gravitas          Tloc           ###.......   5%          3    ###....
 Sting                    Conj/Pois      ##..         6%          1    None
 Cause Fear               Hex            ###.......   13%         4    ####...
 Inner Flame              Hex/Fire       ###.....     16%         3    ###....
 Mephitic Cloud           Conj/Pois/Air  ##......     16%         3    ###....
 Spider Form              Tmut/Pois      ##........   19%         3    ###....
 Animate Skeleton         Necr           N/A          22%         1    None
 Beastly Appendage        Tmut           #.....       22%         1    None
 Summon Small Mammal      Summ           #...         22%         1    None
 Ignite Poison            Fire/Tmut/Pois ##......     28%         3    ###....
 Corpse Rot               Necr           N/A          34%         2    ##.....
 Sticks to Snakes         Tmut           #.......     34%         2    ##.....
 Sublimation of Blood     Necr           #.........   34%         2    ##.....
 Leda's Liquefaction      Hex/Erth       ##........   47%         4    ####...
 Metabolic Englaciation   Hex/Ice        ##........   83%         5    ######.
 Yara's Violent Unravell  Hex/Tmut       ##........   83%         5    ######.
 Venom Bolt               Conj/Pois      ##........   86%         5    ######.
 Ice Form                 Ice/Tmut       #.......     92%         4    ####...
 Petrify                  Tmut/Erth      #.......     92%         4    ####...
 Agony                    Necr           #.......     99%         5    ######.
 Blade Hands              Tmut           #.........   99%         5    ######.
 Bolt of Draining         Conj/Necr      #.........   99%         5    ######.
 Dispel Undead            Necr           #.......     99%         5    ######.
 Excruciating Wounds      Chrm/Necr      #.........   99%         5    ######.
 Fireball                 Conj/Fire      #.........   99%         5    ######.
 Bolt of Fire             Conj/Fire      #.........   100%        6    #######
 Ring of Flames           Chrm/Fire      #.........   100%        7    #######
 Ignition                 Fire           #.........   100%        8    #######


Dungeon Overview and Level Annotations

Branches:
Dungeon (15/15)            Temple (1/1) D:4            Lair (6/6) D:11
  Swamp (0/4) Lair:2       Spider (0/4) Lair:2        Slime (0/5) Lair:5
    Orc (2/2) D:10            Elf (0/3) Orc:2        Vaults (0/5) D:13
 Depths (1/5) D:15

Altars:
Ashenzari
Cheibriados
Dithmenos
Elyvilon
Gozag
Hepliaklqana
Kikubaaqudgha
Makhleb
Nemelex Xobeh
Okawaru
Ru
Sif Muna
Trog
Vehumet
Wu Jian
The Shining One
Beogh

Shops:
D:10 *}   Orc:1 [   Orc:2 (}?![

Portals:
Trove: D:15 (give +7 demon trident)

Annotations:
D:7 exclusion: downstairs
D:9 exclusion: downstairs
D:10 3 runed doors, exclusions: downstairs and 1 more exclusion, ThisFiasco's ghost, journeyman HOBe
D:13 Frances
Lair:1 2 transporters
Lair:5 3 runed doors, exclusion: downstairs, Asgaroth's ghost, journeyman HOFi


Innate Abilities, Weirdness & Mutations

You have hooves in place of feet.
Armour fits poorly on your strangely shaped body.
You cover ground very quickly.
You have extremely tough skin. (AC +3)
You are partially covered in icy blue scales. (AC +2)
You are resistant to hostile enchantments. (MR+)


Message History

Press: ? - help, Shift-Dir - straight line, f/p - fire giant
Aim: a fire giant, wielding a great sword of flaming (moderately wounded)
You shoot an arrow. The arrow hits the fire giant.
The fire giant is heavily wounded.
The fire giant hits you but does no damage.
Firing (i - inventory. (/) - cycle)
d - 217 arrows (quivered)
Press: ? - help, Shift-Dir - straight line, f/p - fire giant
Aim: a fire giant, wielding a great sword of flaming (heavily wounded)
You shoot an arrow. The arrow hits the fire giant!
The fire giant is heavily wounded.
Firing (i - inventory. (/) - cycle)
d - 216 arrows (quivered)
Press: ? - help, Shift-Dir - straight line, f/p - fire giant
Aim: a fire giant, wielding a great sword of flaming (heavily wounded)
You shoot an arrow.
The arrow hits the fire giant but does no damage.
The fire giant is heavily wounded.
The fire giant hits you with a great sword of flaming!!
* * * LOW HITPOINT WARNING * * *
The fire giant burns you.
You die...

# #....##.#...[.########.## #
#.....#.##..##.......#...# #
##....## #..######.....#.( #
.....#.##..# ###.#...# #
###.........# ###.).# #.........#
###.#...# #
#........######.....#.. #
#........##.......#...# #
#.....@.....########.## #
#....C....### #...# #
##.........# ##.## # #..........#
#.#
##########.........###########.##
...................###(..........
........†........).)[(....÷....[.
......#...........###.#####.###..
.####.#..........##|###.#.###.##.


You could see a fire giant.

Vanquished Creatures
  A lich (Depths:1)
  3 stone giants
  A very ugly thing (Depths:1)
  A vampire knight (Depths:1)
  Nessos (Orc:2)
  Snorg (D:13)
  An ettin (Depths:1)
  2 jiangshi (Depths:1)
  A fire dragon (Depths:1)
  Fannar (Lair:2)
  12 hydras
  Erolcha (D:13)
  A rakshasa (Depths:1)
  A vault guard (D:12)
  3 ice dragons (Depths:1)
  A catoblepas (Lair:6)
  A centaur warrior (D:13)
  3 tengu warriors
  7 two-headed ogres
  8 death yaks
  2 ogre magi
  3 deep troll shamans (Depths:1)
  4 vampire magi (Depths:1)
  A deep troll earth mage (Depths:1)
  2 orc high priests (Orc:1)
  Nergalle (Orc:2)
  Urug (Lair:3)
  Sonja (Orc:2)
  A fire crab (shapeshifter) (D:15)
  An iron troll (Depths:1)
  7 deep trolls (Depths:1)
  3 unseen horrors
  A glowing orange brain (Depths:1)
  A wizard (D:14)
  2 necromancers
  4 deep elf magi
  2 orc knights
  14 orc sorcerers
  18 ugly things
  7 oklob plants
  5 elephants (Lair:5)
  4 cyclopes
  2 naga magi (D:15)
  5 black mambas
  Joseph (D:7)
  29 spiny frogs
  A kobold demonologist (D:14)
  7 komodo dragons
  2 efreet (D:15)
  Prince Ribbit (D:8)
  7 trolls
  3 meliai (D:14)
  2 tengu conjurers
  5 polar bears
  2 tyrant leeches (Lair:6)
  A wolf spider simulacrum (D:14)
  A jumping spider (Lair:2)
  11 slime creatures
  A hornet (D:11)
  A harpy skeleton (D:15)
  11 hippogriffs
  7 dream sheep
  A hippogriff (shapeshifter) (Depths:1)
  14 blink frogs
  2 shadows
  A redback (Lair:2)
  2 wraiths
  2 vampires
  28 yaks
  5 basilisks
  3 wyverns
  Grum (Lair:1)
  17 vampire mosquitoes
  3 hungry ghosts
  Edmund (D:4)
  A redback simulacrum (D:15)
  4 wargs
  19 water moccasins
  Duvessa (D:3)
  A soldier ant (D:11)
  An acid dragon (D:11)
  6 porcupines
  A black bear (shapeshifter) (Depths:1)
  25 orc warriors
  2 eyes of draining
  7 sky beasts
  2 black bears
  2 phantoms
  4 ice beasts
  15 ogres
  45 wolves
  A centaur (D:13)
  10 crocodiles
  5 big kobolds
  25 bullfrogs
  2 wyvern zombies
  A water moccasin zombie (D:9)
  Dowan (D:3)
  4 scorpions
  5 killer bees
  9 wights
  3 howler monkeys
  6 electric eels
  5 crimson imps
  2 quasits
  5 centaur zombies
  A human zombie (Ossuary)
  6 hounds
  3 jellies
  24 orc priests
  2 bullfrog zombies
  7 centaur skeletons
  6 iguanas
  3 bullfrog skeletons
  Jessica (D:3)
  Ijyb (D:3)
  31 orc wizards
  9 worker ants
  A big kobold zombie (Ossuary)
  4 mummies (Ossuary)
  A worker ant zombie (D:5)
  7 adders
  4 shadow imps
  2 worms
  A dart slug (D:3)
  2 leopard geckos
  81 orcs
  A ball python (D:2)
  9 giant cockroaches
  5 goblins
  5 hobgoblins
  2 jackals (D:6)
  19 kobolds
  3 quokkas
  3 bats
  6 frilled lizards
  3 goblin zombies (Ossuary)
  A hobgoblin zombie (Ossuary)
  A kobold zombie (Ossuary)
  An orc zombie (Ossuary)
  A quokka skeleton (D:5)
  9 rats
  3 plants
805 creatures vanquished.

Vanquished Creatures (collateral kills)
  A basilisk (shapeshifter) (D:12)
1 creature vanquished.

Vanquished Creatures (others)
  10 fungi
  64 plants
74 creatures vanquished.

Grand Total: 880 creatures vanquished

Notes
Turn   | Place    | Note
-------+----------+-------------------------------------------
     0 | D:1      | Zebedee the Centaur Arcane Marksman began the quest for the
                  | Orb.
     0 | D:1      | Reached XP level 1. HP: 16/16 MP: 2/2
    66 | D:1      | Reached skill level 3 in Bows
    94 | D:1      | Reached XP level 2. HP: 22/23 MP: 3/3
   610 | D:1      | Reached skill level 4 in Bows
   610 | D:1      | Reached skill level 1 in Armour
   610 | D:1      | Reached XP level 3. HP: 22/28 MP: 4/4
  1276 | D:2      | Found a shadowy altar of Dithmenos.
  1421 | D:3      | Noticed Jessica
  1430 | D:3      | Killed Jessica
  1430 | D:3      | Reached XP level 4. HP: 26/35 MP: 5/5
  1613 | D:3      | Noticed Ijyb
  1627 | D:3      | Killed Ijyb
  1627 | D:3      | Reached skill level 5 in Bows
  1825 | D:3      | Noticed a sky beast
  1896 | D:3      | Killed a sky beast
  1896 | D:3      | Reached XP level 5. HP: 16/41 MP: 6/6
  2547 | D:3      | Found a sparkling altar of Nemelex Xobeh.
  2990 | D:4      | Noticed Duvessa
  2990 | D:4      | Noticed Dowan
  3077 | D:3      | Killed Duvessa
  3077 | D:3      | Reached skill level 6 in Bows
  3077 | D:3      | Reached XP level 6. HP: 50/50 MP: 7/7
  3095 | D:3      | Killed Dowan
  3274 | D:4      | Noticed Edmund
  3394 | D:4      | Reached skill level 7 in Bows
  3394 | D:4      | Reached XP level 7. HP: 26/56 MP: 8/8
  3570 | D:4      | Killed Edmund
  3825 | D:4      | Found a staircase to the Ecumenical Temple.
  3831 | Temple   | Entered the Ecumenical Temple
  3908 | Temple   | Became a worshipper of Warmaster Okawaru
  4008 | D:5      | Entered Level 5 of the Dungeon
  4040 | D:5      | Reached skill level 8 in Bows
  4300 | D:5      | Reached skill level 1 in Polearms
  4801 | D:5      | Found an opulent altar of Gozag.
  4803 | D:5      | Found a snail-covered altar of Cheibriados.
  4803 | D:5      | Found a bloodstained altar of Trog.
  4805 | D:5      | Found an ancient bone altar of Kikubaaqudgha.
  4806 | D:5      | Found a shattered altar of Ashenzari.
  5218 | D:6      | Reached XP level 8. HP: 61/66 MP: 9/9
  6363 | D:6      | Reached * piety under Okawaru
  6441 | D:7      | Found a sand-covered staircase.
  6457 | Ossuary  | Entered an ossuary
  6906 | D:7      | Noticed a hippogriff
  7176 | D:7      | Reached skill level 9 in Bows
  7441 | D:7      | Reached skill level 5 in Armour
  7610 | D:7      | Reached XP level 9. HP: 64/72 MP: 10/10
  7643 | D:7      | Reached ** piety under Okawaru
  8231 | D:8      | Found an iron altar of Okawaru.
  8370 | D:8      | Reached skill level 5 in Fighting
  9203 | D:8      | Noticed a two-headed ogre
  9646 | D:8      | Noticed Prince Ribbit
  9691 | D:8      | Killed Prince Ribbit
  9691 | D:8      | Reached skill level 10 in Bows
  9896 | D:8      | Killed a two-headed ogre
  9896 | D:8      | Reached *** piety under Okawaru
  9896 | D:8      | Reached skill level 5 in Polearms
 10656 | D:9      | Reached XP level 10. HP: 47/81 MP: 11/11
 10939 | D:9      | Reached skill level 11 in Bows
 11065 | D:9      | Found a shadowy altar of Dithmenos.
 11704 | D:9      | Received a gift from Okawaru
 11821 | D:9      | Noticed a three-headed hydra
 12701 | D:9      | Received a gift from Okawaru
 13078 | D:10     | Entered Level 10 of the Dungeon
 13606 | D:10     | Found a staircase to the Orcish Mines.
 13652 | D:10     | Found Entopry's Gadget Shop.
 13787 | D:10     | Found an opulent altar of Gozag.
 13821 | D:10     | Found a runed gate.
 13821 | D:10     | Found a runed gate.
 13821 | D:10     | Found a runed gate.
 13890 | D:10     | Reached **** piety under Okawaru
 14647 | D:10     | Found Gozag's Platinum Reserve.
 14730 | D:10     | Noticed ThisFiasco's ghost (journeyman HOBe)
 14730 | D:10     | Noticed a spectral centaur warrior
 15389 | D:11     | Reached skill level 12 in Bows
 15831 | D:11     | Reached XP level 11. HP: 27/91 MP: 9/12
 16156 | D:11     | Noticed a seven-headed hydra
 16201 | D:10     | Killed a seven-headed hydra
 16438 | D:11     | Found a staircase to the Lair.
 17088 | D:11     | Killed an unseen horror
 17088 | D:11     | Reached ***** piety under Okawaru
 17320 | D:11     | Noticed a four-headed hydra
 17360 | D:11     | Killed a four-headed hydra
 17360 | D:11     | Received a gift from Okawaru
 17360 | D:11     | Reached skill level 13 in Bows
 17887 | D:11     | Killed an unseen horror
 18510 | D:11     | Gained mutation: You are resistant to hostile enchantments.
                  | (MR+) [potion of mutation]
 18510 | D:11     | Gained mutation: You are partially covered in icy blue
                  | scales. (AC +2) [potion of mutation]
 18783 | D:12     | Learned a level 2 spell: Poisonous Vapours
 18818 | D:12     | Noticed a brown ugly thing
 18933 | D:12     | Killed a brown ugly thing
 19044 | D:12     | Received a gift from Okawaru
 19077 | D:12     | Reached skill level 1 in Invocations
 19491 | D:13     | Noticed Erolcha
 19502 | D:13     | Killed Erolcha
 19502 | D:13     | Reached skill level 1 in Air Magic
 19502 | D:13     | Reached skill level 1 in Poison Magic
 19713 | D:13     | Noticed an eight-headed hydra
 19715 | D:13     | Noticed Frances
 19961 | D:13     | Noticed a purple ugly thing
 19973 | D:13     | Noticed a deep elf mage
 20074 | D:12     | Killed a purple ugly thing
 20074 | D:12     | Reached XP level 12. HP: 89/103 MP: 13/13
 20135 | D:13     | Found a shattered altar of Ashenzari.
 20172 | D:13     | Noticed a centaur warrior
 20197 | D:13     | Killed a centaur warrior
 20202 | D:13     | Killed an eight-headed hydra
 20944 | D:13     | Noticed Snorg
 21061 | D:13     | Killed Snorg
 21061 | D:13     | Reached skill level 14 in Bows
 21290 | D:13     | Noticed a vault guard
 21414 | D:12     | Killed a vault guard
 21414 | D:12     | Received a gift from Okawaru
 21829 | D:13     | Found a gate to the Vaults.
 21987 | D:14     | Received a gift from Okawaru
 22003 | D:14     | Noticed a tengu warrior
 22035 | D:14     | Killed a tengu warrior
 22731 | D:14     | Received a gift from Okawaru
 23271 | D:14     | Received a gift from Okawaru
 23414 | D:14     | Reached skill level 10 in Fighting
 23414 | D:14     | Reached skill level 15 in Bows
 24006 | D:7      | Noticed Joseph
 24024 | D:7      | Killed Joseph
 24179 | Lair:1   | Entered Level 1 of the Lair of Beasts
 24222 | Lair:1   | Reached XP level 13. HP: 113/113 MP: 14/14
 24278 | Lair:1   | Received a gift from Okawaru
 24500 | Lair:1   | Got a bloodstained longbow {god gift}
 24501 | Lair:1   | Identified the +5 longbow of the Blessed Realm {speed, rN+}
                  | (Okawaru gifted it to you on level 1 of the Lair of Beasts)
 24610 | Lair:1   | Found a transporter.
 24912 | Lair:1   | Noticed Grum
 24920 | Lair:1   | Reached skill level 1 in Evocations
 24921 | Lair:1   | Killed Grum
 24921 | Lair:1   | Reached ****** piety under Okawaru
 25231 | Lair:1   | Found a transporter.
 25464 | Lair:1   | Learned a level 3 spell: Portal Projectile
 25879 | Lair:2   | Reached skill level 1 in Translocations
 25913 | Lair:2   | Received a gift from Okawaru
 26045 | Lair:2   | Found a staircase to the Swamp.
 26093 | Lair:2   | Received a gift from Okawaru
 26245 | Lair:2   | Noticed Fannar
 26256 | Lair:2   | Killed Fannar
 26767 | Lair:2   | Found a hole to the Spider Nest.
 26950 | Lair:2   | Reached skill level 16 in Bows
 27479 | Lair:3   | Received a gift from Okawaru
 27539 | Lair:3   | Noticed Urug
 27547 | Lair:3   | Killed Urug
 27547 | Lair:3   | Reached XP level 14. HP: 104/124 MP: 11/15
 29670 | Lair:5   | Found a staircase to the Slime Pits.
 29844 | Lair:5   | Received a gift from Okawaru
 29925 | Lair:5   | Reached skill level 17 in Bows
 30097 | Lair:5   | Reached skill level 5 in Hexes
 30273 | Lair:5   | Found a runed gate.
 30273 | Lair:5   | Found a runed gate.
 30273 | Lair:5   | Found a runed gate.
 30273 | Lair:5   | Noticed Asgaroth's ghost (journeyman HOFi)
 30811 | Lair:6   | Entered Level 6 of the Lair of Beasts
 31095 | Lair:6   | Received a gift from Okawaru
 31961 | Lair:6   | Reached skill level 5 in Translocations
 32058 | Lair:6   | Reached skill level 18 in Bows
 32073 | Lair:6   | Reached XP level 15. HP: 121/133 MP: 17/19
 32692 | Lair:6   | Learned a level 4 spell: Olgreb's Toxic Radiance
 32857 | Orc:1    | Entered Level 1 of the Orcish Mines
 33607 | Orc:1    | Found Kyurpheh's Antique Armour Shoppe.
 33851 | Orc:1    | Received a gift from Okawaru
 34076 | Orc:2    | Entered Level 2 of the Orcish Mines
 34081 | Orc:2    | Noticed Sonja
 34089 | Orc:2    | Killed Sonja
 34621 | Orc:2    | Received a gift from Okawaru
 34686 | Orc:2    | Noticed Nessos
 34693 | Orc:2    | Killed Nessos
 34783 | Orc:2    | Found Qair's Magic Scroll Emporium.
 34817 | Orc:2    | Bought a scroll of enchant armour for 82 gold pieces
 34817 | Orc:2    | Bought a scroll of enchant armour for 82 gold pieces
 34877 | Orc:2    | Found an ancient bone altar of Kikubaaqudgha.
 34877 | Orc:2    | Noticed Nergalle
 34882 | Orc:2    | Killed Nergalle
 34957 | Orc:2    | Received a gift from Okawaru
 34964 | Orc:2    | Found a radiant altar of Vehumet.
 34992 | Orc:2    | Found a roughly hewn altar of Beogh.
 34992 | Orc:2    | Found Zamuab Loah's Antique Armour Emporium.
 34999 | Orc:2    | Found Foej's Gadget Shoppe.
 35014 | Orc:2    | Found Heuch's Distillery.
 35231 | Orc:2    | Found a staircase to the Elven Halls.
 35231 | Orc:2    | Found Tutadurgh's Weapon Boutique.
 35751 | D:15     | Entered Level 15 of the Dungeon
 35942 | D:15     | Received a gift from Okawaru
 36637 | D:15     | Found a staircase to the Depths.
 36643 | D:15     | Reached skill level 5 in Poison Magic
 36779 | D:15     | Found a portal to a secret trove of treasure.
 37021 | Depths:1 | Entered Level 1 of the Depths
 37406 | Depths:1 | Noticed a lich
 37426 | Depths:1 | Killed a lich
 37426 | Depths:1 | Reached skill level 10 in Polearms
 37426 | Depths:1 | Reached skill level 19 in Bows
 37427 | Depths:1 | Reached XP level 16. HP: 143/143 MP: 22/22
 37429 | Depths:1 | Received a gift from Okawaru
 37455 | Depths:1 | Found the +6 Majin-Bo {vamp, Archmagi MP+6 Int+6}
 37477 | Depths:1 | Learned a level 1 spell: Apportation
 38081 | Depths:1 | Received a gift from Okawaru
 38229 | Depths:1 | Received a gift from Okawaru
 38239 | Depths:1 | Reached skill level 5 in Spellcasting
 38433 | Depths:1 | Received a gift from Okawaru
 38451 | Depths:1 | Found Henir's Distillery.
 38453 | Depths:1 | Bought a potion of curing for 45 gold pieces
 38453 | Depths:1 | Bought a potion of heal wounds for 75 gold pieces
 38453 | Depths:1 | Bought a potion of might for 60 gold pieces
 38453 | Depths:1 | Bought a potion of heal wounds for 75 gold pieces
 38453 | Depths:1 | Bought a potion of invisibility for 120 gold pieces
 38453 | Depths:1 | Bought a potion of heal wounds for 75 gold pieces
 38673 | Depths:1 | Reached skill level 20 in Bows
 38722 | Depths:1 | Received a gift from Okawaru
 38874 | Depths:1 | HP: 2/144 [fire giant/great sword of flaming (27)]
 38874 | Depths:1 | Slain by a fire giant

Skill      XL: |  1  2  3  4  5  6  7  8  9 10 11 12 13 14 15 16 |
---------------+-------------------------------------------------+-----
Bows           | 3 4 5 6 7 8 9 10 12 13 15 16 18 19 20 | 20.1
Armour         | 1 2 3 5 6 7 9 |  9.0
Fighting       | 2 3 4 5 6 8 10 11 12 13 | 13.6
Polearms       | 2 4 5 6 7 9 10 | 10.2
Invocations    | 2 |  2.1
Air Magic      | 1 4 |  4.0
Poison Magic   | 1 3 4 5 6 |  6.2
Evocations     | 1 |  1.1
Hexes          | 4 5 6 |  6.9
Translocations | 3 5 6 |  6.2
Spellcasting   | 3 4 5 |  5.3
Dodging        | |  1.3

Action                   |  1- 3 |  4- 6 |  7- 9 | 10-12 | 13-15 | 16-18 || total
-------------------------+-------+-------+-------+-------+-------+-------++-------
Melee: Whip              |    66 |    72 |       |       |       |       ||   138
       Kick              |    15 |    19 |    84 |    98 |   170 |     8 ||   394
       Trident           |       |       |   438 |   416 |   788 |    24 ||  1666
       Shortbow          |       |       |       |     6 |       |       ||     6
       Longbow           |       |       |       |       |     2 |       ||     2
 Fire: Shortbow          |    39 |    88 |   270 |  1099 |    57 |       ||  1553
       Longbow           |       |       |       |       |  1085 |   243 ||  1328
Throw: Throwing net      |       |       |     1 |       |       |       ||     1
 Cast: Poisonous Vapours |       |       |       |     4 |     1 |       ||     5
       Portal Projectile |       |       |       |       |     4 |       ||     4
       Olgreb's Toxic Ra |       |       |       |       |     3 |       ||     3
Invok: Heroism           |       |       |       |    27 |     4 |       ||    31
Evoke: Wand              |       |       |       |    15 |    10 |       ||    25
  Use: Scroll            |       |       |     6 |    15 |     8 |     2 ||    31
       Potion            |       |       |       |     5 |     2 |       ||     7
  Eat: Chunk             |       |     2 |    20 |    22 |    28 |     2 ||    74
       Ration            |       |     1 |       |     5 |     2 |     1 ||     9
Armor: Robe              |    21 |       |       |       |       |       ||    21
       Ring mail         |     7 |    11 |       |       |       |       ||    18
       Scale mail        |       |    57 |   374 |   373 |       |       ||   804
       Troll leather arm |       |       |       |   168 |   633 |    74 ||   875
Dodge: Dodged            |    34 |    37 |   238 |   253 |   385 |    31 ||   978
